MLB
PHILADELPHIA PHILLIES @ MONTREAL EXPOS
05/29/2044
 
TOP OF THE 1ST
Philadelphia Phillies batting - Pitching for Montreal Expos : LHP Brian White
Pitching: LHP Brian White
Batting: SHB Patrick Kimmel 0-0: Ball
1-0: Ball
2-0: Foul Ball, location: 2F
2-1: Called Strike
2-2: Ball
3-2: Foul Ball, location: 2F
3-2: Base on Balls
Batting: RHB Ji-an Li 0-0: Ball
1-0: Ball
2-0: Foul Ball, location: 2F
2-1: Ball
3-1: Foul Ball, location: 2F
3-2: Base on Balls
Patrick Kimmel to second
Batting: LHB Eric Katz 0-0: Fly out, F4 (Flyball, 4D, EV 90.6 MPH)
Batting: LHB Alberto Figueroa 0-0: Ball
1-0: Foul Ball, location: 2F
1-1: SINGLE (Flyball, 4D, EV 85.0 MPH)
Patrick Kimmel to third
Ji-an Li to second
Batting: RHB Raul de la Cruz 0-0: Ball
1-0: Called Strike
1-1: Ball
2-1: Foul Ball, location: 2F
2-2: Foul Ball, location: 2F
2-2: Grounds into double play, 6-4-3 (Groundball, 6, EV 91.2 MPH)
Top of the 1st over - 0 runs, 1 hit, 0 errors, 2 left on base; Philadelphia 0 - Montreal 0
BOTTOM OF THE 1ST
Montreal Expos batting - Pitching for Philadelphia Phillies : LHP Marko Emchenko
Pitching: LHP Marko Emchenko
Batting: SHB Bran Stark 0-0: Ball
1-0: Called Strike
1-1: Called Strike
1-2: SINGLE (Flyball, 56D, EV 90.6 MPH)
Batting: RHB John Ham 0-0: Ball
Bran Stark is caught stealing 2nd base 2-4
1-0: Foul Ball, location: 2F
1-1: Ground out 4-3 (Groundball, 4S, EV 69.4 MPH)
Batting: RHB Mike Salmon 0-0: Called Strike
0-1: Ball
1-1: SOLO HOME RUN (Flyball, 9D, EV 101.2 MPH), Distance : 378 ft
Batting: RHB Hugo Bautista 0-0: Ball
1-0: Swinging Strike
1-1: Ball
2-1: Foul Ball, location: 2F
2-2: Ball
3-2: Base on Balls
Batting: LHB Steve Anderson 0-0: Ball
Hugo Bautista steals 2nd base
1-0: Fly out, F7 (Flyball, 7, EV 79.4 MPH)
Bottom of the 1st over - 1 run, 2 hits, 0 errors, 1 left on base; Philadelphia 0 - Montreal 1
TOP OF THE 2ND
Philadelphia Phillies batting - Pitching for Montreal Expos : LHP Brian White
Batting: LHB Ryan Trombley 0-0: Called Strike
0-1: Foul Ball, location: 2F
0-2: Ball
1-2: Ball
2-2: Strikes out swinging
Batting: RHB Chef Belew 0-0: Ball
1-0: Ground out 4-3 (Groundball, 4, EV 86.9 MPH)
Batting: LHB Nick Canizales 0-0: Fly out, F8 (Flyball, 89D, EV 78.1 MPH)
Top of the 2nd over - 0 runs, 0 hits, 0 errors, 0 left on base; Philadelphia 0 - Montreal 1
BOTTOM OF THE 2ND
Montreal Expos batting - Pitching for Philadelphia Phillies : LHP Marko Emchenko
Batting: RHB Wen-hua Lei 0-0: Swinging Strike
0-1: Ball
1-1: Ground out 6-3 (Groundball, 6S, EV 85.0 MPH)
Batting: RHB Martin Chavez 0-0: Called Strike
0-1: Swinging Strike
0-2: Ball
1-2: Hit by Pitch
Batting: SHB Hans Mikkelsen 0-0: Ball
1-0: Ball
2-0: Ball
3-0: Base on Balls
Martin Chavez to second
Batting: RHB Jesse Basich 0-0: Ball
1-0: Called Strike
1-1: Called Strike
1-2: Fly out, F8 (Flyball, 8LS, EV 81.9 MPH)
Batting: SHB Bran Stark 0-0: Hit by Pitch
Martin Chavez to third
Hans Mikkelsen to second
Batting: RHB John Ham 0-0: Ball
1-0: Ball
2-0: Ball
3-0: Called Strike
3-1: Called Strike
3-2: Fly out, F8 (Line Drive, 8LM, EV 96.9 MPH)
Bottom of the 2nd over - 0 runs, 0 hits, 0 errors, 3 left on base; Philadelphia 0 - Montreal 1
TOP OF THE 3RD
Philadelphia Phillies batting - Pitching for Montreal Expos : LHP Brian White
Batting: RHB Luis Arce 0-0: Ball
1-0: Foul Ball, location: 2F
1-1: DOUBLE (Line Drive, 78XD, EV 110.6 MPH)
Batting: SHB Patrick Kimmel 0-0: Ball
Luis Arce steals 3rd base
1-0: Swinging Strike
1-1: Foul Ball, location: 2F
1-2: Strikes out looking
Batting: RHB Ji-an Li 0-0: Foul Ball, location: 2F
0-1: Ball
1-1: Ball
2-1: 2-RUN HOME RUN (Flyball, 7D, EV 94.4 MPH), Distance : 357 ft
Batting: LHB Eric Katz 0-0: Called Strike
0-1: Ball
1-1: Swinging Strike
1-2: Strikes out swinging
Batting: LHB Alberto Figueroa 0-0: Ball
1-0: Foul Ball, location: 2F
1-1: Called Strike
1-2: Ball
2-2: Strikes out swinging
Top of the 3rd over - 2 runs, 2 hits, 0 errors, 0 left on base; Philadelphia 2 - Montreal 1
BOTTOM OF THE 3RD
Montreal Expos batting - Pitching for Philadelphia Phillies : LHP Marko Emchenko
Batting: RHB Mike Salmon 0-0: Swinging Strike
0-1: Foul Ball, location: 2F
0-2: Ball
1-2: Foul Ball, location: 2F
1-2: Foul Ball, location: 2F
1-2: Ball
2-2: Strikes out swinging, 2-3 out at first.
Batting: RHB Hugo Bautista 0-0: Ball
1-0: Foul Ball, location: 2F
1-1: Swinging Strike
1-2: Foul Ball, location: 2F
1-2: Ball
2-2: Strikes out swinging
Batting: LHB Steve Anderson 0-0: Foul Ball, location: 2F
0-1: Ball
1-1: Ground out 3-1 (Groundball, 34, EV 81.2 MPH)
Bottom of the 3rd over - 0 runs, 0 hits, 0 errors, 0 left on base; Philadelphia 2 - Montreal 1
TOP OF THE 4TH
Philadelphia Phillies batting - Pitching for Montreal Expos : LHP Brian White
Batting: RHB Raul de la Cruz 0-0: Called Strike
0-1: Ball
1-1: Called Strike
1-2: Ball
2-2: Strikes out looking
Batting: LHB Ryan Trombley 0-0: Ground out 5-3 (Groundball, 56, EV 86.9 MPH)
Batting: RHB Chef Belew 0-0: Swinging Strike
0-1: Swinging Strike
0-2: Ball
1-2: SINGLE (Groundball, 6D, EV 97.5 MPH)
Batting: LHB Nick Canizales 0-0: Ball
1-0: Foul Ball, location: 2F
1-1: Ground out 4-3 (Groundball, 4, EV 86.9 MPH)
Top of the 4th over - 0 runs, 1 hit, 0 errors, 1 left on base; Philadelphia 2 - Montreal 1
BOTTOM OF THE 4TH
Montreal Expos batting - Pitching for Philadelphia Phillies : LHP Marko Emchenko
Batting: RHB Wen-hua Lei 0-0: Ball
1-0: Foul Ball, location: 2F
1-1: Ball
2-1: Ball
3-1: Base on Balls
Batting: RHB Martin Chavez 0-0: Ball
1-0: Ball
2-0: SINGLE (Line Drive, 56D, EV 111.2 MPH)
Wen-hua Lei to second
Batting: SHB Hans Mikkelsen 0-0: Ball
1-0: Ball
Wen-hua Lei steals 3rd base (no throw)
2-0: Ball
3-0: Called Strike
3-1: Foul Ball, location: 2F
3-2: Strikes out looking
Batting: RHB Jesse Basich 0-0: Grounds into double play, 3-6-3 (Groundball, 34S, EV 78.1 MPH)
Bottom of the 4th over - 0 runs, 1 hit, 0 errors, 1 left on base; Philadelphia 2 - Montreal 1
TOP OF THE 5TH
Philadelphia Phillies batting - Pitching for Montreal Expos : LHP Brian White
Batting: RHB Luis Arce 0-0: Fly out, F8 (Flyball, 8LXD, EV 96.9 MPH)
Batting: SHB Patrick Kimmel 0-0: Foul Ball, location: 2F
0-1: Called Strike
0-2: Ball
1-2: Ball
2-2: Ball
3-2: Strikes out swinging
Batting: RHB Ji-an Li 0-0: Ball
1-0: Swinging Strike
1-1: Foul Ball, location: 2F
1-2: Ball
2-2: Foul Ball, location: 2F
2-2: Ball
3-2: Ground out 5-3 (Groundball, 56S, EV 78.1 MPH)
Top of the 5th over - 0 runs, 0 hits, 0 errors, 0 left on base; Philadelphia 2 - Montreal 1
BOTTOM OF THE 5TH
Montreal Expos batting - Pitching for Philadelphia Phillies : LHP Marko Emchenko
Batting: SHB Bran Stark 0-0: Ball
1-0: Ball
2-0: Ground out 3-1 (Groundball, 34, EV 104.4 MPH)
Batting: RHB John Ham 0-0: Fly out, F9 (Flyball, 9LM, EV 88.8 MPH)
Batting: RHB Mike Salmon 0-0: Swinging Strike
0-1: Ball
1-1: Ball
2-1: Called Strike
2-2: Foul Ball, location: 2F
2-2: Strikes out swinging
Bottom of the 5th over - 0 runs, 0 hits, 0 errors, 0 left on base; Philadelphia 2 - Montreal 1
TOP OF THE 6TH
Philadelphia Phillies batting - Pitching for Montreal Expos : LHP Brian White
Batting: LHB Eric Katz 0-0: Ball
1-0: Swinging Strike
1-1: Ball
2-1: Swinging Strike
2-2: Ground out 1-3 (Groundball, 25, EV 71.2 MPH)
Batting: LHB Alberto Figueroa 0-0: Called Strike
0-1: Swinging Strike
0-2: Strikes out swinging
Batting: RHB Raul de la Cruz 0-0: Called Strike
0-1: Swinging Strike
0-2: Foul Ball, location: 2F
0-2: Foul Ball, location: 2F
0-2: Fly out, F8 (Line Drive, 8LM, EV 90.0 MPH)
Top of the 6th over - 0 runs, 0 hits, 0 errors, 0 left on base; Philadelphia 2 - Montreal 1
BOTTOM OF THE 6TH
Montreal Expos batting - Pitching for Philadelphia Phillies : LHP Marko Emchenko
Batting: RHB Hugo Bautista 0-0: Foul Ball, location: 2F
0-1: Called Strike
0-2: Ball
1-2: Foul Ball, location: 2F
1-2: Foul Ball, location: 2F
1-2: Fly out, F9 (Flyball, 9, EV 86.9 MPH)
Batting: LHB Steve Anderson 0-0: Ball
1-0: Ball
2-0: Foul Ball, location: 2F
2-1: Called Strike
2-2: Ball
3-2: Ground out 6-3 (Groundball, 6, EV 85.0 MPH)
Batting: RHB Wen-hua Lei 0-0: Ball
1-0: Foul Ball, location: 2F
1-1: Ball
2-1: Foul Ball, location: 2F
2-2: Ball
3-2: Base on Balls
Batting: RHB Martin Chavez 0-0: Ball
1-0: Called Strike
1-1: Called Strike
1-2: Foul Ball, location: 2F
1-2: Ball
Wen-hua Lei steals 2nd base (no throw)
2-2: Ground out 6-3 (Groundball, 6MD, EV 111.9 MPH)
Bottom of the 6th over - 0 runs, 0 hits, 0 errors, 1 left on base; Philadelphia 2 - Montreal 1
TOP OF THE 7TH
Philadelphia Phillies batting - Pitching for Montreal Expos : LHP Brian White
Batting: LHB Ryan Trombley 0-0: Called Strike
0-1: Swinging Strike
0-2: Ball
1-2: Foul Ball, location: 2F
1-2: Strikes out swinging
Batting: RHB Chef Belew 0-0: Called Strike
0-1: Ball
1-1: Ball
2-1: Ball
3-1: Base on Balls
Pitching: RHP Justin Stone
Batting: LHB Nick Canizales 0-0: Swinging Strike
0-1: Ball
1-1: Called Strike
1-2: Grounds into double play, 4-6-3 (Groundball, 4, EV 75.6 MPH)
Top of the 7th over - 0 runs, 0 hits, 0 errors, 0 left on base; Philadelphia 2 - Montreal 1
BOTTOM OF THE 7TH
Montreal Expos batting - Pitching for Philadelphia Phillies : LHP Marko Emchenko
Pitching: LHP Luis Concepcion
Batting: SHB Hans Mikkelsen 0-0: Fly out, F7 (Flyball, 7, EV 93.1 MPH)
Batting: RHB Jesse Basich 0-0: Swinging Strike
0-1: Ball
1-1: Ground out 6-3 (Groundball, 6, EV 110.0 MPH)
Batting: SHB Bran Stark 0-0: Ball
1-0: SINGLE (Groundball, 6S, EV 75.0 MPH) (infield hit)
Batting: RHB John Ham 0-0: Ball
1-0: Ball
2-0: Ball
3-0: Base on Balls
Bran Stark to second
Batting: RHB Mike Salmon 0-0: Ball
1-0: Foul Ball, location: 2F
1-1: DOUBLE (Line Drive, 89D, EV 101.2 MPH)
Bran Stark scores
John Ham to third
Batting: RHB Hugo Bautista 0-0: Called Strike
0-1: DOUBLE (Flyball, 8RXD, EV 104.4 MPH)
John Ham scores
Mike Salmon scores
Pinch Hitting: SHB Pete Barutha 0-0: Ball
1-0: Ground out 5-3 (Groundball, 56S, EV 64.4 MPH)
Bottom of the 7th over - 3 runs, 3 hits, 0 errors, 1 left on base; Philadelphia 2 - Montreal 4
TOP OF THE 8TH
Philadelphia Phillies batting - Pitching for Montreal Expos : RHP Justin Stone
Now at 1B: Jimmy Buscemi
Pinch Hitting: LHB Jeff Luvisi 0-0: Ground out 6-3 (Groundball, 6, EV 88.8 MPH)
Batting: SHB Patrick Kimmel 0-0: Called Strike
0-1: Swinging Strike
0-2: Ball
1-2: Ball
2-2: Foul Ball, location: 2F
2-2: Ball
3-2: Foul Ball, location: 2F
3-2: Strikes out swinging
Batting: RHB Ji-an Li 0-0: Swinging Strike
0-1: Called Strike
0-2: Foul Ball, location: 2F
0-2: Ball
1-2: Ground out 6-3 (Groundball, 6M, EV 90.0 MPH)
Top of the 8th over - 0 runs, 0 hits, 0 errors, 0 left on base; Philadelphia 2 - Montreal 4
BOTTOM OF THE 8TH
Montreal Expos batting - Pitching for Philadelphia Phillies : LHP Luis Concepcion
Pitching: LHP Rico Saldarriaga
Now at SS: Mitch Boyd
Batting: RHB Wen-hua Lei 0-0: Ball
1-0: Ground out 5-3 (Groundball, 15, EV 84.4 MPH)
Batting: RHB Martin Chavez 0-0: Fly out, F6 (Popup, 4MD, EV 48.1 MPH)
Batting: SHB Hans Mikkelsen 0-0: Foul Ball, location: 2F
0-1: Swinging Strike
0-2: Strikes out swinging
Bottom of the 8th over - 0 runs, 0 hits, 0 errors, 0 left on base; Philadelphia 2 - Montreal 4
TOP OF THE 9TH
Philadelphia Phillies batting - Pitching for Montreal Expos : RHP Justin Stone
Pitching: RHP Alan Taylor
Batting: LHB Eric Katz 0-0: Called Strike
0-1: Foul Ball, location: 2F
0-2: Strikes out swinging
Batting: LHB Alberto Figueroa 0-0: Foul Ball, location: 2F
0-1: Ball
1-1: Fly out, F9 (Flyball, 9LS, EV 92.5 MPH)
Batting: RHB Raul de la Cruz 0-0: Fly out, F9 (Line Drive, 9, EV 93.1 MPH)
Top of the 9th over - 0 runs, 0 hits, 0 errors, 0 left on base; Philadelphia 2 - Montreal 4
Thursday, March 31st , 2022 - OOTP Baseball 22.12 Build 89